Map: Invader LE

Players

capac

  • Race: Terran Terran
  • League: Gold

zadrim - Winner!

  • Race: Terran Terran
  • League: Gold

VOD

Have the link to the VOD?

Description

Time

  • Played on: April 10, 2016, 1:24 p.m.
  • Length: 20:08
Show
View Real Time Build Order
Export as new Build Order

capac Terran 

Build Orders: Reaper Expand 

Get SALT Encoding   

  12  0:00  SCV  
  13  0:13  SCV  
  14  0:19  Supply Depot  
  14  0:25  SCV  
  15  0:40  SCV  
  15  0:42  Barracks  
  16  0:45  Refinery  
  16  0:52  SCV  
  17  1:04  SCV  
  18  1:16  SCV  
  19  1:31  Reaper, Orbital Command  
  20  2:02  Command Center  
  20  2:05  Supply Depot  
  19  2:10  Marine  
  20  2:15  Refinery  
  20  2:16  Factory  
  20  2:17  SCV  
  21  2:29  SCV  
  22  2:30  Barracks Reactor  
  22  2:36  Barracks  
  22  2:41  SCV  
  23  2:53  SCV  
  24  3:19  Orbital Command  
  23  3:20  Marine x2  
  23  3:21  Factory Tech Lab  
  23  3:23  Starport  
  23  3:24  Barracks Tech Lab  
  26  3:27  Engineering Bay, SCV  
  26  3:39  Marine x2, SCV  
  29  3:42  Siege Tank  
  29  3:48  SCV  
  33  3:54  Refinery  
  33  3:55  SCV  
  34  4:00  Marine, SCV  
  36  4:05  Medivac  
  36  4:06  Marine  
  36  4:07  SCV  
  39  4:19  SCV x2  
  40  4:28  Marine x2  
  40  4:29  Marine  
  43  4:31  Missile Turret  
  43  4:46  Marine x2  
  43  4:50  Marine  
  43  4:52  Supply Depot  
  46  4:55  Supply Depot  
  46  5:01  Viking, SCV x2  
  46  5:04  Marine  
  51  5:19  Siege Tank  
  51  5:40  Medivac  
  51  6:20  Command Center  
  51  6:24  Command Center  
  51  6:30  Marine x3  
  51  6:32  SCV  
  55  6:35  Supply Depot  
  55  6:36  Starport Reactor  
  55  6:56  Marine x3  
  55  6:57  Siege Tank, SCV  
  62  7:18  SCV  
  63  7:31  Siege Tank, SCV  
  67  7:41  Marine x3  
  70  7:53  SCV  
  70  7:54  Orbital Command  
  71  7:59  Medivac x2  
  71  8:05  Siege Tank, SCV  
  79  8:08  Marine x2  
  79  8:09  Marine  
  82  8:17  SCV  
  83  8:25  Orbital Command  
  81  8:29  SCV  
  76  8:41  SCV  
  74  8:53  SCV  
  71  9:11  Missile Turret  
  69  9:19  Marine x3  
  69  9:21  SCV  
  71  9:33  SCV  
  71  9:35  Viking  
  71  9:36  Viking  
  71  9:37  Starport, Marine x2  
  78  9:41  Missile Turret  
  78  9:45  SCV  
  78  9:53  Marine  
  78  9:55  Marine x2  
  78  9:57  SCV  
  78  10:11  Marine  
  78  10:13  Marine x2  
  81  10:20  Stimpack  
  80  10:28  Marine  
  81  10:36  Marine x2  
  81  10:41  SCV  
  84  10:45  Refinery  
  84  10:46  Marine  
  85  10:57  SCV  
  85  10:58  Marine  
  85  10:59  Siege Tank  
  70  11:09  SCV  
  62  11:25  Marine x3  
  65  11:43  Marine x3  
  65  11:44  Barracks  
  65  11:45  Barracks  
  65  11:46  Starport Reactor  
  65  11:47  Barracks x2  
  68  11:49  Barracks  
  68  11:50  Siege Tank  
  71  11:57  SCV  
  71  11:59  SCV  
  71  12:00  Marine  
  71  12:01  Marine  
  75  12:09  SCV  
  75  12:12  SCV  
  77  12:21  SCV  
  77  12:22  Siege Tank  
  81  12:27  Terran Infantry Weapons Level 1  
  81  12:31  Viking  
  81  12:35  SCV  
  85  12:40  Barracks Reactor x3  
  85  12:41  Barracks Reactor x2  
  84  12:46  Viking  
  84  12:48  SCV  
  75  13:11  Marine x2  
  78  13:15  Barracks Tech Lab  
  77  13:24  SCV x3  
  80  13:36  SCV x3  
  83  13:44  Missile Turret  
  83  13:45  Marine x2  
  83  13:46  Missile Turret  
  85  13:52  Supply Depot  
  85  13:53  Supply Depot  
  85  13:55  Supply Depot  
  85  13:57  Supply Depot  
  85  13:58  Marine x8  
  85  14:00  Marine x3  
  85  14:01  SCV  
  85  14:02  Marine x2  
  97  14:07  Supply Depot  
  99  14:10  Missile Turret  
  99  14:16  Marine x8  
  107  14:18  Marine x3  
  107  14:20  Marine x2  
  116  14:34  Marine x3  
  83  15:27  SCV x2  
  83  15:28  SCV  
  86  15:33  Marine x3  
  86  15:34  Marine x7  
  86  15:35  Refinery x2, Marine x3  
  99  15:39  SCV  
  99  15:40  SCV  
  101  15:51  Marine x4  
  101  15:52  Marine x4  
  109  15:57  Starport  
  109  15:59  Starport x2  
  109  16:19  Marine x6  
  109  16:20  Marine x3  
  109  16:24  Factory Tech Lab  
  118  16:38  Marine x2  
  118  16:39  Marine x7  
  125  16:40  Marine x4  
  125  16:46  Medivac  
  133  16:53  Medivac x2  
  133  16:54  Supply Depot  
  137  16:55  Supply Depot x2  
  137  16:56  Marine x3  
  137  16:57  Marine x5  
  145  17:18  Marine x4  
  145  17:19  Marine x5  
  145  17:21  Medivac  
  156  17:23  Siege Tank, Medivac x2  
  156  17:51  Medivac  
  137  18:07  Liberator x2  
  137  18:08  Liberator  
  91  18:22  Marine x2  
  91  18:26  Siege Tank  
  105  18:47  Marine  
  105  18:48  Marine x2  
  107  18:59  Siege Tank  
  108  19:08  Marine x3  
Show
View Real Time Build Order
Export as new Build Order

zadrim Terran - Winner!

Build Orders:  

Get SALT Encoding   

  12  0:02  SCV  
  13  0:14  SCV  
  14  0:26  Supply Depot, SCV  
  15  0:47  SCV  
  16  0:50  Barracks  
  16  1:00  SCV  
  17  1:12  SCV  
  17  1:13  Refinery  
  18  1:26  Command Center  
  18  1:34  Supply Depot  
  18  1:41  Marine  
  19  1:48  Orbital Command  
  19  2:09  Marine  
  19  2:15  SCV  
  21  2:16  Barracks  
  21  2:27  Engineering Bay, SCV  
  22  2:30  Refinery  
  22  2:33  Marine  
  23  2:45  Orbital Command  
  23  2:51  Marine  
  24  3:10  Marine x2  
  27  3:27  SCV x2  
  27  3:28  Factory, Marine  
  27  3:32  Marine  
  30  3:37  Terran Infantry Armor Level 1  
  30  3:43  Barracks, SCV x2  
  32  4:00  Command Center  
  32  4:03  Barracks Tech Lab  
  32  4:18  Factory Tech Lab  
  32  4:19  SCV x2  
  32  4:22  Starport  
  33  4:31  Combat Shields  
  33  4:33  Barracks Reactor  
  33  4:35  SCV x2  
  35  4:40  Supply Depot  
  35  4:47  Siege Tank, SCV x2  
  35  4:49  Barracks Reactor  
  40  4:59  SCV  
  41  5:00  Starport Reactor  
  41  5:19  Marine, Siege Tank  
  40  5:37  Marine x5  
  41  5:54  Marine  
  41  5:55  Marine x3  
  41  5:56  Orbital Command  
  44  6:11  Siege Tank  
  47  6:12  Marine  
  48  6:23  SCV x2  
  48  6:24  Terran Infantry Weapons Level 1  
  50  6:29  Refinery  
  50  6:30  Refinery, Marine  
  51  6:37  SCV  
  51  6:38  SCV x2  
  54  6:42  Marine x2  
  54  6:43  Marine x2  
  58  6:48  Marine  
  58  6:50  SCV x2  
  58  6:54  Refinery, SCV  
  61  7:00  Marine x2  
  63  7:02  SCV x2  
  62  7:16  Medivac x2  
  65  7:33  Command Center  
  65  7:36  SCV x2  
  65  7:37  SCV  
  68  7:39  Refinery, Marine  
  69  7:47  Marine  
  69  7:52  SCV  
  69  8:07  Marine  
  69  8:16  Marine x2  
  69  8:31  Marine, Medivac  
  69  8:43  Marine x3  
  69  8:44  Marine  
  69  8:46  Orbital Command  
  69  8:49  Marauder  
  71  9:01  Marine x3  
  71  9:02  Marine  
  71  9:11  Marauder  
  73  9:19  Marine x3  
  73  9:20  Marine  
  73  9:21  Viking  
  73  9:22  Viking  
  81  9:32  Marauder  
  81  9:33  Stimpack  
  81  9:37  Marine  
  81  9:38  Marine x2  
  79  9:52  Bunker  
  79  9:55  Supply Depot  
  79  9:56  Supply Depot  
  79  9:57  Orbital Command  
  75  10:16  Marine x3, Medivac  
  75  10:17  Marine x2, Siege Tank, Medivac  
  80  10:34  Marine x3  
  80  10:35  Marine x2  
  85  10:58  Marine  
  85  11:01  Siege Tank  
  65  11:24  Marine x3  
  65  11:25  Marine x2  
  68  11:26  Orbital Command  
  68  11:34  Concussive Shells, Siege Tank  
  68  11:39  Medivac x2  
  75  11:42  Marine x3  
  75  11:43  Marine x2  
  80  12:06  Missile Turret  
  80  12:19  SCV  
  81  12:31  SCV  
  81  12:32  Marine  
  81  12:33  Marine x2  
  85  12:59  Marine  
  85  13:00  Marine x2, SCV  
  85  13:01  Marine  
  85  13:03  Marine  
  75  13:12  SCV  
  76  13:17  Marine  
  76  13:18  Marine x2  
  76  13:19  Marine  
  80  13:21  Marine  
  80  13:24  SCV x3  
  84  13:34  Marine  
  84  13:38  Command Center  
  85  13:42  Command Center  
  85  13:47  Command Center  
  85  14:11  Supply Depot  
  85  14:12  Supply Depot, Missile Turret  
  85  14:15  Armory  
  85  14:17  Supply Depot  
  85  14:32  Marine x4, Siege Tank, SCV  
  85  14:33  Viking x2, Marine, SCV x2  
  100  14:45  SCV  
  101  14:46  SCV x2  
  101  14:50  Marine x4  
  101  14:51  Marine  
  108  14:58  SCV x2  
  96  15:05  Siege Tank  
  88  15:08  Marine x4  
  88  15:09  Marine  
  88  15:10  SCV x2  
  95  15:20  Orbital Command  
  92  15:24  Missile Turret  
  92  15:26  Marine x4  
  92  15:27  Marauder  
  98  15:29  Planetary Fortress  
  98  15:34  Command Center  
  98  15:39  Planetary Fortress  
  98  15:43  Command Center  
  98  15:45  Marine x4  
  98  15:48  Liberator x2  
  98  15:49  Marauder  
  104  15:59  Siege Tank  
  104  16:01  Terran Vehicle And Ship Armor Level 1  
  104  16:02  Terran Infantry Weapons Level 2  
  107  16:10  Marauder  
  115  16:20  Marine x2  
  117  16:28  SCV x6  
  117  16:31  Marauder, Siege Tank  
  128  16:40  SCV  
  129  16:48  Medivac x2  
  129  16:53  Marauder  
  135  17:03  Siege Tank  
  129  17:10  Planetary Fortress  
  129  17:14  Marauder  
  128  17:29  Barracks  
  128  17:30  Barracks x2  
  128  17:33  Barracks  
  128  17:35  Barracks  
  128  17:36  Marauder  
  121  17:39  Missile Turret  
  121  17:40  Missile Turret x2  
  98  18:27  SCV x4  
  98  18:31  Barracks Reactor  
  99  18:35  Marine x8  
  99  18:39  SCV x4  
  105  18:51  SCV  
  105  18:52  Marine  
  105  18:53  Marine x7  
  112  19:10  Marine  
  112  19:11  Marine x7  
Tags
 
League
GoldGold
Matchup
TvT
Race
Terran
Add a new tag
Caveats
  • Supply blocks, unpowered buildings, or Contaminate may cause inaccurate times.
  • Supply counts are checked every 10 seconds.